 Dungeon Crawl Stone Soup version 0.27.1-33-g824d729ab1 (webtiles) character file.

Game seed: 6752917851771195128

161 demibob the Chopper (level 5, 0/42 HPs)
             Began as a Hill Orc Gladiator on Dec 9, 2021.
             Slain by an ice beast (11 damage)
             ... on level 3 of the Dungeon.
             The game lasted 00:02:29 (2038 turns).

demibob the Chopper (Hill Orc Gladiator)            Turns: 2038, Time: 00:02:29

Health: 0/42       AC:  6    Str: 18    XL:     5   Next: 42%
Magic:  5/5        EV: 12    Int:  8    God:
Gold:   74         SH:  0    Dex: 12    Spells: 4/4 levels left

rFire    . . .     SeeInvis .   a - +0 war axe
rCold    . . .     Faith    .   (no shield)
rNeg     . . .     Spirit   .   b - +0 leather armour
rPois    .         Reflect  .   c - +0 helmet
rElec    .         Harm     .   f - +0 cloak
rCorr    .         Rampage  .   (no gloves)
Will     .....                  p - +0 pair of boots
Stlth    +.........             e - amulet of the acrobat
HPRegen  0.14/turn              (no ring)
MPRegen  0.09/turn              (no ring)

@: no status effects
A: no striking features
a: no special abilities


You were on level 3 of the Dungeon.
You visited 1 branch of the dungeon, and saw 3 of its levels.

You collected 74 gold pieces.


   Skills:
 - Level 2.4 Fighting
 + Level 7.9 Axes
 - Level 1.7 Throwing
 - Level 2.4 Dodging


You had 4 spell levels left.
You didn't know any spells.
Your spell library contained the following spells:

 Spells                   Type           Power      Damage    Failure   Level
 Fireball                 Conj/Fire      0%         3d3       100%        5
 Iskenderun's Battlesphe  Conj           0%         2d6       100%        5
 Conjure Ball Lightning   Conj/Air       0%         3x3d6     100%        6
 Orb of Destruction       Conj           0%         N/A       100%        7

Inventory:

Hand Weapons
 a - a +0 war axe (weapon)
Missiles
 d - 2 throwing nets (quivered) {=f}
Armour
 b - a +0 leather armour (worn)
 c - a +0 helmet (worn)
 f - a +0 cloak (worn)
 k - a +0 pair of gloves
 p - a +0 pair of boots (worn)
Magical Staves
 l - a staff of death {!a}
Jewellery
 e - an amulet of the acrobat (around neck)
 i - an amulet of guardian spirit
Scrolls
 n - a scroll of magic mapping
Potions
 g - a potion of magic
 h - a potion of degeneration {unknown}
 j - a potion of berserk rage {!q}
 m - 2 potions of curing {@q1}
 o - a potion of mutation {unknown}
 r - a potion of heal wounds {unknown}

Dungeon Overview and Level Annotations

Branches:
Dungeon (3/15)

Altars:

Annotations:
D:3 1 runed translucent door, Crazy Yiuf

#......##.#.....
####...........)...
...#...............
...................
...#.........##.... #
#....<....##....
#.#.............
##..#####.#......##.###.
...>..Y@................
#......g#.#......##.###.
#.......#.#......##.# #.
#.......#.#......##.####
##....###.#......##.....
#.... ..#......##.....
#.... ###......##...>.
#.... #......###....
######## #...)


You could see an ice beast and a hobgoblin.


Message History

The ice beast is heavily wounded.
You completely miss the hobgoblin. The ice beast barely misses you.
The hobgoblin closely misses you.
You hit the ice beast.
The ice beast is severely wounded.
You barely miss the hobgoblin. The ice beast misses you.
The hobgoblin barely misses you.
You hit the ice beast.
The ice beast is severely wounded.
You closely miss the hobgoblin. The ice beast hits you.
The ice beast freezes you!
* * * LOW HITPOINT WARNING * * *
The hobgoblin hits you but does no damage.
You are too injured to fight recklessly!
You are too injured to fight recklessly!
You are too injured to fight recklessly!
You are too injured to fight recklessly!
You are too injured to fight recklessly!
You are too injured to fight recklessly!
You are too injured to fight recklessly!
You are too injured to fight recklessly!
You are too injured to fight recklessly!
You are too injured to fight recklessly!
You are too injured to fight recklessly!
You barely miss the ice beast.
The ice beast is severely wounded.
You hit the hobgoblin. The ice beast hits you.
* * * LOW HITPOINT WARNING * * *
The ice beast freezes you!
You die...

Skill      XL: |  1  2  3  4 |
---------------+-------------+-----
Axes           | 5 6 7 |  7.9
Fighting       | |  2.4
Throwing       | |  1.7
Dodging        | |  2.4

Action                   |  1- 3 |  4- 6 || total
-------------------------+-------+-------++-------
Melee: War axe           |    74 |    24 ||    98
Throw: Throwing net      |       |     2 ||     2
  Use: Scroll            |     9 |       ||     9
Armor: Leather armour    |    11 |     7 ||    18
Dodge: Dodged            |    70 |    17 ||    87

Levels and vault maps discovered:
D:1:      giann_wishing_wells, layout_rooms, serial_park_tiny_2
D:2:      minmay_spotlight, layout_basic, ebering_ecumenical_altar_webs,
          minivault_26
D:3:      layout_basic, mainiacjoe_overflow_large_starburst,
          mrwooster_statue_mirror, uniq_crazy_yiuf_cottage, uniq_terence,
          uniq_natasha

Notes
Turn   | Place    | Note
-------+----------+-------------------------------------------
     0 | D:1      | demibob the Hill Orc Gladiator began the quest for the Orb.
     0 | D:1      | Reached XP level 1. HP: 18/18 MP: 1/1
   449 | D:1      | Reached XP level 2. HP: 13/25 MP: 2/2
   795 | D:2      | Reached skill level 5 in Axes
   846 | D:2      | You fall into a shaft and drop 1 floor!
   897 | D:2      | Reached XP level 3. HP: 20/30 MP: 3/3
  1338 | D:2      | Found a faded altar of an unknown god.
  1380 | D:2      | Reached skill level 6 in Axes
  1575 | D:3      | Noticed Terence
  1583 | D:3      | Killed Terence
  1584 | D:3      | Reached XP level 4. HP: 29/37 MP: 4/4
  1695 | D:3      | Noticed an ogre
  1704 | D:3      | Killed an ogre
  1705 | D:3      | Reached skill level 7 in Axes
  1705 | D:3      | Reached XP level 5. HP: 42/42 MP: 5/5
  1980 | D:3      | Found a runed translucent door.
  1981 | D:3      | Noticed Crazy Yiuf
  2023 | D:3      | Noticed an ice beast
  2038 | D:3      | Slain by an ice beast

Vanquished Creatures
  An ogre (D:3)
  Terence (D:3)
  2 adders (D:2)
  A worm (D:2)
  3 ball pythons
  3 bats
  5 endoplasms
  4 goblins
  A hobgoblin (D:2)
  A quokka (D:1)
  2 frilled lizards
  2 kobolds
  4 rats
30 creatures vanquished.

Table legend: (Time is in decaauts)
 A = Elapsed time spent in this place.
 B = Non-inter-level travel time spent in this place.
 C = Inter-level travel time spent in this place.
 D = Time resting spent in this place.
 E = Time spent auto-exploring this place.
 F = Levels seen in this place.
 G = Mean time per level.
                   A        B        C        D        E       F      G
               +--------+--------+--------+--------+--------+-----+--------+
         Total |   2059 |   2017 |     42 |     94 |   1617 |   3 |  686.3 |
       Dungeon |   2059 |   2017 |     42 |     94 |   1617 |   3 |  686.3 |
               +--------+--------+--------+--------+--------+-----+--------+

Top non-repeatable levels by time:
     D:2: 837 daAuts
     D:1: 680 daAuts
     D:3: 542 daAuts

Table legend:
 A = Non-vault XP
 B = Vault XP
 C = Vault XP percentage of total XP
 D = Non-vault monster count
 E = Vault monster count
 F = Vault count percentage of total count
                 A         B        C        D         E       F
            +---------+---------+-------+---------+---------+-------
      Total |     186 |      45 |  19.5 |      25 |       5 |  16.7
            +---------+---------+-------+---------+---------+-------
        D:1 |      10 |       0 |   0.0 |       6 |       0 |   0.0
        D:2 |      46 |       7 |  13.2 |      13 |       4 |  23.5
        D:3 |     130 |      38 |  22.6 |       6 |       1 |  14.3
            +---------+---------+-------+---------+---------+-------
